 Dungeon Crawl Stone Soup version 0.27.0-1-g7a089689b8 (webtiles) character file.

Game seed: 1870103868808379632

1583 pkoi the Cleaver (level 8, -9/68 HPs)
             Began as a Minotaur Gladiator on Aug 12, 2021.
             Was a Priest of Okawaru.
             Killed from afar by a steam dragon (14 damage)
             ... with a ball of steam
             ... on level 6 of the Dungeon.
             The game lasted 00:06:55 (5633 turns).

pkoi the Cleaver (Minotaur Gladiator)               Turns: 5633, Time: 00:06:55

Health: -9/68      AC: 12    Str: 21    XL:     8   Next: 60%
Magic:  10/10      EV:  8    Int:  5    God:    Okawaru [***...]
Gold:   325        SH:  0    Dex: 12    Spells: 7/7 levels left

rFire    . . .     SeeInvis .   a - +1 war axe (flame)
rCold    . . .     Faith    .   (no shield)
rNeg     . . .     Spirit   .   s - +0 chain mail
rPois    .         Reflect  .   c - +1 hat
rElec    .         Harm     .   (no cloak)
rCorr    .         Rampage  .   (no gloves)
Will     .....                  i - +1 pair of boots
Stlth    ..........             (no amulet)
HPRegen  0.21/turn              (no ring)
MPRegen  0.12/turn              (no ring)

@: no status effects
A: horns 2, retaliatory headbutt
a: Renounce Religion, Heroism


You were on level 6 of the Dungeon.
You worshipped Okawaru.
Okawaru was most pleased with you.
You visited 1 branch of the dungeon, and saw 6 of its levels.

You collected 325 gold pieces.

Inventory:

Hand Weapons
 a - a +1 war axe of flaming (weapon)
 b - a +0 shortbow
Missiles
 d - 3 throwing nets (quivered)
 m - 58 arrows
 v - 29 poisoned darts
Armour
 c - a +1 hat (worn)
 i - a +1 pair of boots (worn)
 s - a +0 chain mail (worn)
Wands
 k - a wand of paralysis (10)
 r - a wand of flame (22)
Scrolls
 e - a scroll of summoning
 g - 4 scrolls of identify
 n - a scroll of immolation
Potions
 f - a potion of mutation {unknown}
 h - 2 potions of degeneration {unknown}
 j - 5 potions of curing {unknown}
 l - 2 potions of attraction {unknown}
 t - a potion of lignification
 u - a potion of flight {unknown}
 x - a potion of cancellation {unknown}
 z - a potion of resistance {unknown}
 B - a potion of haste {unknown}


   Skills:
 + Level 5.2 Fighting
 * Level 10.0 Axes
 - Level 2.0 Throwing
 + Level 4.4 Armour
 - Level 3.2 Dodging
 + Level 4.9 Invocations


You had 7 spell levels left.
You didn't know any spells.
Your spell library contained the following spells:

 Spells                   Type           Power      Damage    Failure   Level
 Slow                     Hex            0%         N/A       100%        2
 Confusing Touch          Hex            0%         N/A       100%        3
 Vampiric Draining        Necr           0%         2d6       100%        3


Dungeon Overview and Level Annotations

Branches:
Dungeon (6/15)             Temple (0/1) D:4

Altars:
Cheibriados
Dithmenos
Elyvilon
Hepliaklqana
Okawaru
Qazlal
Sif Muna
Uskayaw
Vehumet
Zin

Shops:
D:4 [

Annotations:
D:5 1 transporter, Konebred's ghost, novice FoMo


Innate Abilities, Weirdness & Mutations

You have a pair of horns on your head.
You reflexively headbutt those who attack you in melee.


Message History

You headbutt the steam dragon.
The steam dragon is severely wounded.
The steam dragon barely misses you. The steam dragon closely misses you.
You closely miss the steam dragon. You headbutt the steam dragon.
The steam dragon is severely wounded.
You are engulfed in a cloud of scalding steam.
* * * LOW HITPOINT WARNING * * *
The steam dragon bites you.
* * * LOW HITPOINT WARNING * * *
The steam dragon claws you.
* * * LOW HITPOINT WARNING * * *
The steam dragon bites you but does no damage.
The steam dragon claws you but does no damage.
You closely miss the steam dragon.
The steam dragon is severely wounded.
The steam dragon bites you but does no damage.
The steam dragon completely misses you.
You barely miss the steam dragon.
The steam dragon is severely wounded.
The steam dragon bites you but does no damage.
The steam dragon claws you but does no damage.
Unknown command.
You hit the steam dragon. You burn the steam dragon.
The steam dragon is almost dead.
The steam dragon bites you.
* * * LOW HITPOINT WARNING * * *
The steam dragon claws you but does no damage.
Your chain mail prevents you from hitting the steam dragon.
The steam dragon is almost dead.
The steam dragon closely misses you.
The steam dragon claws you but does no damage.
You closely miss the steam dragon. Your headbutt misses the steam dragon.
The steam dragon is almost dead.
The steam dragon bites you but does no damage.
The steam dragon barely misses you.
You barely miss the steam dragon.
The steam dragon is almost dead.
The steam dragon breathes steam at you. The ball of steam hits you!
You die...

...#... ...#...##
≈≈.......#
..≈..$....###
.≈.≈.........####
..≈.≈............#.
_.≈§§..............
§.≈§§.....D@.......
§≈§§§..............
§...≈..............
≈≈≈≈≈..............
...........?.......
....#..............
... #..###..........
##..# ###.........
#.#...###.#..........


You could see a steam dragon (catching breath).

Vanquished Creatures
  Sigmund (D:5)
  3 sky beasts
  A hornet zombie (D:4)
  2 black bears
  A necrophage (D:4)
  2 ogres (D:5)
  A phantom (D:4)
  A centaur (D:5)
  A water moccasin skeleton (D:4)
  A centaur zombie (D:5)
  3 hounds (D:5)
  Ijyb (D:3)
  2 iguanas
  Natasha (thrice) (D:2)
  5 adders
  A shadow imp (D:5)
  An adder skeleton (D:5)
  2 worms
  2 dart slugs
  3 orcs
  3 ball pythons
  9 bats
  4 endoplasms
  A giant cockroach (D:1)
  4 goblins
  7 hobgoblins
  6 jackals (D:1)
  7 quokkas
  2 frilled lizards
  7 kobolds
  A rat (D:3)
88 creatures vanquished.

Vanquished Creatures (others)
  2 plants (D:1)
2 creatures vanquished.

Grand Total: 90 creatures vanquished

Notes
Turn   | Place    | Note
-------+----------+-------------------------------------------
     0 | D:1      | pkoi the Minotaur Gladiator began the quest for the Orb.
     0 | D:1      | Reached XP level 1. HP: 18/18 MP: 0/0
   133 | D:1      | Reached skill level 4 in Axes
   190 | D:1      | Reached XP level 2. HP: 25/25 MP: 1/1
   520 | D:1      | Found a faded altar of an unknown god.
   706 | D:1      | Reached skill level 5 in Axes
  1063 | D:1      | Reached XP level 3. HP: 30/30 MP: 2/2
  1354 | D:1      | Became a worshipper of Warmaster Okawaru
  1354 | D:1      | Reached * piety under Okawaru
  1801 | D:2      | Found a radiant altar of Vehumet.
  1974 | D:2      | Reached skill level 1 in Invocations
  2044 | D:3      | Noticed Natasha
  2049 | D:3      | Reached XP level 4. HP: 25/37 MP: 3/3
  2070 | D:2      | Killed Natasha
  2071 | D:2      | Reached skill level 6 in Axes
  2503 | D:3      | Found a hide-covered altar of Uskayaw.
  2525 | D:3      | Noticed Ijyb
  2540 | D:3      | Killed Ijyb
  2781 | D:3      | Reached XP level 5. HP: 15/42 MP: 5/5
  3177 | D:3      | Found a stormy altar of Qazlal.
  3330 | D:3      | Found a shimmering blue altar of Sif Muna.
  3332 | D:3      | Found a white marble altar of Elyvilon.
  3334 | D:3      | Found a glowing silver altar of Zin.
  3335 | D:3      | Found a hazy altar of Hepliaklqana.
  3430 | D:4      | Noticed a black bear
  3442 | D:4      | Killed a black bear
  3443 | D:4      | Reached skill level 7 in Axes
  3662 | D:4      | Noticed a phantom
  3668 | D:4      | Killed a phantom
  3668 | D:4      | Reached ** piety under Okawaru
  3669 | D:4      | Reached XP level 6. HP: 48/50 MP: 5/7
  3909 | D:4      | Reached skill level 8 in Axes
  3909 | D:4      | Reached skill level 1 in Armour
  4182 | D:4      | Found Loto's Antique Armour Shoppe.
  4215 | D:4      | Found a staircase to the Ecumenical Temple.
  4334 | D:5      | Entered Level 5 of the Dungeon
  4369 | D:5      | Noticed a sky beast
  4381 | D:5      | Killed a sky beast
  4382 | D:5      | Reached XP level 7. HP: 36/57 MP: 8/8
  4598 | D:5      | Found a shadowy altar of Dithmenos.
  4668 | D:5      | Reached *** piety under Okawaru
  4669 | D:5      | Reached skill level 9 in Axes
  4775 | D:5      | Found a snail-covered altar of Cheibriados.
  4957 | D:5      | Noticed Sigmund
  4964 | D:5      | Killed Sigmund
  4965 | D:5      | Reached XP level 8. HP: 62/67 MP: 7/10
  5050 | D:5      | Found a transporter.
  5165 | D:2      | Noticed Natasha
  5173 | D:2      | Killed Natasha
  5181 | D:2      | Noticed Natasha
  5190 | D:2      | Killed Natasha
  5386 | D:5      | Found a transporter.
  5387 | D:5      | Noticed Konebred's ghost (novice FoMo)
  5388 | D:5      | Identified the +7 great mace of Harmony {venom, Dex+4}
  5578 | D:6      | Reached skill level 5 in Fighting
  5593 | D:6      | Reached skill level 10 in Axes
  5615 | D:6      | Found an iron altar of Okawaru.
  5633 | D:6      | Killed from afar by a steam dragon

Illustrated notes

Levels and vault maps discovered:
D:1:      ncdulo_halloftheorcs, layout_basic,
          hellmonk_ecumenical_altar_crossroads, hangedman_decor_growths,
          chequers_big_river, roderic_lattice_a, minivault_19, minmay_surrounded
D:2:      layout_loops_cross, basic_altar
D:3:      layout_basic, mainiacjoe_overflow_six_doors_small, minitemple,
          uniq_natasha, uniq_ijyb
D:4:      layout_basic, minmay_temple_entry_hall, serial_shops, shop,
          hangedman_decor_push
D:5:      layout_basic, cheibriados_altar_1, grunt_dithmenos_smoke_and_mirrors,
          gammafunk_ghost_smash, uniq_sigmund
D:6:      layout_cave_pools, mainiacjoe_overflow_alcove_1,
          mainiacjoe_overflow_concentric_impassable,
          nicolae_wu_jian_immortal_techniques, lemuel_round_altar,
          nicolae_ossuary_entry_ruins, serial_shops, shop, glass_columns_b,
          minmay_misc_feat_encased, minmay_misc_feat_four_crosses

Skill      XL: |  1  2  3  4  5  6  7  8 |
---------------+-------------------------+-----
Axes           | 4 5 6 7 8 9 10 | 10.0
Invocations    | 1 2 3 4 |  4.9
Armour         | 1 3 4 |  4.4
Fighting       | 3 4 5 |  5.2
Throwing       | |  2.0
Dodging        | |  3.2

Action                   |  1- 3 |  4- 6 |  7- 9 || total
-------------------------+-------+-------+-------++-------
Melee: War axe           |    75 |    99 |    77 ||   251
       Headbutt          |     7 |    18 |    12 ||    37
       Punch             |       |       |     1 ||     1
Invok: Heroism           |       |       |     1 ||     1
  Use: Scroll            |       |     6 |     7 ||    13
Armor: Leather armour    |    34 |     8 |       ||    42
       Chain mail        |       |    50 |    49 ||    99
Dodge: Dodged            |    70 |    51 |    31 ||   152
